 Dungeon Crawl Stone Soup version 0.19-a0-684-gf760df0 (webtiles) character file.

3713 qqqbard the Protected (level 9, -5/70 HPs)
             Began as a Minotaur Fighter on June 17, 2016.
             Was an Initiate of Okawaru.
             Slain by an orc warrior
             ... wielding a +0 flail
              (12 damage)
             ... on level 7 of the Dungeon.
             The game lasted 00:15:59 (8209 turns).

qqqbard the Protected (Minotaur Fighter)            Turns: 8209, Time: 00:15:59

Health: -5/70      AC: 17    Str: 22    XL:     9   Next: 91%
Magic:  7/7        EV:  9    Int:  5    God:    Okawaru [......]
Gold:   310        SH: 12    Dex: 14    Spells: 0 memorised, 8 levels left

rFire  + . .     SeeInvis .     a - +1 long sword
rCold  . . .     Gourm    .     w - +0 plate armour
rNeg   . . .     Faith    .     c - +1 shield
rPois  .         Spirit   .     (helmet restricted)
rElec  .         Dismiss  .     v - +0 cloak
rCorr  .         Reflect  .     (no gloves)
SustAt .         Harm     .     (no boots)
MR     .....                    (no amulet)
Stlth  ..........               (no ring)
                                (no ring)

@: not resistant to hostile enchantments, extremely unstealthy
A: retaliatory headbutt, horns 2, agile 1, blurry vision 2, fire resistance 1,
low mp 1, shaggy fur 1
a: Renounce Religion


You were on level 7 of the Dungeon.
You worshipped Okawaru.
Okawaru was noncommittal.
You were near starving.

You visited 2 branches of the dungeon, and saw 8 of its levels.

You collected 310 gold pieces.

Inventory:

Hand Weapons
 a - a +1 long sword (weapon)
 j - a +0 dagger of speed
Armour
 b - a +0 scale mail
 c - a +1 shield (worn)
 g - a +0 ring mail
 v - a +0 cloak (worn)
 w - a +0 plate armour (worn)
Jewellery
 l - an uncursed ring of ice
 m - an uncursed ring of magical power {unknown}
 r - an uncursed ring of sustain attributes {unknown}
Wands
 o - a wand of paralysis (11/24)
 p - a wand of slowing (22/48)
 x - a wand of lightning (6/15)
 y - a wand of flame (29/48)
 A - a wand of teleportation (7/9)
 C - a wand of lightning (5/15)
 F - a wand of slowing (23/48)
Scrolls
 e - 2 scrolls of identify
 h - a scroll of amnesia
 q - a scroll of noise
 u - a scroll of enchant armour
Potions
 d - 2 potions of might
 n - 5 potions of curing
 s - 2 potions of heal wounds
 z - 2 potions of haste {unknown}
 B - 2 potions of brilliance {unknown}
 D - a potion of flight {unknown}
 E - a potion of agility {unknown}
 G - a potion of berserk rage {unknown}
Comestibles
 f - 5 bread rations
 i - 2 fruits
 k - 2 meat rations
 t - 2 beef jerkies


   Skills:
 - Level 3.6 Fighting
 - Level 8.0 Long Blades
 * Level 10.8 Armour
 - Level 7.6 Dodging
 + Level 8.3 Shields


You had 8 spell levels left.
You didn't know any spells.

Dungeon Overview and Level Annotations

Branches:
Dungeon (7/15)             Temple (1/1) D:7

Altars:
Ashenzari
Cheibriados
Dithmenos
Fedhas
Hepliaklqana
Kikubaaqudgha
Okawaru
Pakellas
Qazlal
Ru
Trog
Uskayaw
Xom
Yredelemnul
The Shining One

Shops:
D:6 !


Innate Abilities, Weirdness & Mutations

You reflexively headbutt those who attack you in melee.
You have a pair of horns on your head.
You are agile. (Dex +2)
Scrolls take you longer to read.
Your flesh is heat resistant. (rF+)
Your magical capacity is low. (-10% MP)
You are covered in fur. (AC +1)


Message History

The orc priest calls upon Beogh to heal the orc warrior.
The orc warrior is healed somewhat.
You start resting.
You block the orc warrior's attack.
The orc priest invokes the aid of Beogh against you.
Beogh smites you!
* * * LOW HITPOINT WARNING * * *
You slash the orc priest! You headbutt the orc priest.
The orc priest is almost dead.
You block the orc warrior's attack.
The orc priest hits you but does no damage.
You hit the orc priest.
You kill the orc priest!
Okawaru accepts your kill. You block the orc warrior's attack.
You hit the orc warrior but do no damage.
You headbutt the orc warrior, but do no damage.
The orc warrior is lightly wounded.
The orc warrior hits you with a flail!
You die...

######################
..[..o.)..............
########o##########...
#.# #... #o# #... #.#
#... #(# #...
###########.######
####
+......[@........# #
######o###(####.# #
..##...#.# #.# #
#.##...#.####.##### #
#.##...#..........# #
#.###..#..#######.# #
#.# ##.#..# ###'####
#.####.#..# #.....#.
##.(.......#
###.###.#.


You could see an orc warrior.

Vanquished Creatures
  The ghost of DeathGuardSTER the Ducker, a novice DDCK of Xom (D:6)
  Pikel (D:6)
  Sigmund (D:4)
  Eustachio (D:6)
  Menkaure (D:4)
  A water moccasin (D:5)
  A sky beast (D:5)
  An ogre (D:4)
  5 giant frogs
  The ghost of qqqbard the Conjurer, an amateur VSCj (D:3)
  2 wyvern skeletons (D:6)
  8 killer bees
  4 wights (D:5)
  A crimson imp (D:5)
  2 giant frog zombies (D:6)
  2 centaur zombies (D:6)
  3 orc priests
  A jelly (D:7)
  3 orc wizards
  A hound (D:6)
  Natasha (thrice) (D:3)
  2 iguanas
  Terence (D:2)
  5 worker ants
  A killer bee zombie (D:6)
  A hound zombie (D:6)
  A howler monkey skeleton (D:4)
  A worker ant zombie (D:7)
  10 adders
  7 gnolls
  A river rat (D:3)
  3 shadow imps
  An ooze (D:3)
  2 adder zombies (D:6)
  2 adder skeletons
  5 worms
  A dart slug (D:1)
  3 giant geckos
  7 orcs
  2 ball pythons
  A giant cockroach (D:6)
  A goblin (D:1)
  5 hobgoblins
  11 jackals
  7 kobolds
  3 bats
  A giant gecko zombie (D:5)
  8 giant newts
  A jackal zombie (D:5)
  A quokka skeleton (D:7)
  A quokka zombie (D:6)
  5 rats
145 creatures vanquished.

Vanquished Creatures (others)
  An ogre (D:6)
  2 slaves (D:6)
  A bat (D:2)
  A quokka (D:6)
5 creatures vanquished.

Grand Total: 150 creatures vanquished

Notes
Turn   | Place    | Note
--------------------------------------------------------------
     0 | D:1      | qqqbard the Minotaur Fighter began the quest for the Orb.
     0 | D:1      | Reached XP level 1. HP: 19/19 MP: 0/0
   495 | D:1      | Reached XP level 2. HP: 26/26 MP: 1/1
  1043 | D:2      | Reached XP level 3. HP: 29/31 MP: 2/2
  1285 | D:2      | Found a stormy altar of Qazlal.
  1981 | D:3      | Reached skill level 5 in Long Blades
  1993 | D:3      | Noticed Terence
  2002 | D:3      | Reached XP level 4. HP: 37/39 MP: 3/3
  2305 | D:2      | Reached XP level 5. HP: 23/45 MP: 4/4
  2469 | D:2      | Gained mutation: Your natural rate of healing is unusually fast. [potion of mutation]
  2469 | D:2      | Gained mutation: You are agile. (Dex +2) [potion of mutation]
  2469 | D:2      | Gained mutation: You are covered in fur. (AC +1) [potion of mutation]
  2473 | D:2      | Killed Terence
  2587 | D:3      | Noticed Natasha
  2592 | D:3      | Killed Natasha
  2654 | D:3      | Found an oddly glowing altar of Pakellas.
  2657 | D:3      | Found an ancient bone altar of Kikubaaqudgha.
  2681 | D:3      | Noticed qqqbard's ghost (amateur VSCj)
  2691 | D:3      | Killed qqqbard's ghost
  2691 | D:3      | Reached XP level 6. HP: 40/51 MP: 5/5
  3102 | D:3      | Noticed Natasha
  3112 | D:3      | Killed Natasha
  3120 | D:3      | Noticed Natasha
  3125 | D:3      | Killed Natasha
  3202 | D:4      | HP: 1/51 [something/magic dart (8)]
  3345 | D:4      | Gained mutation: Scrolls take you a little longer to read. [potion of mutation]
  3345 | D:4      | Gained mutation: Your magical capacity is low. (-10% MP) [potion of mutation]
  3345 | D:4      | Gained mutation: Scrolls take you longer to read. [potion of mutation]
  3346 | D:4      | Lost mutation: Your natural rate of healing is unusually fast. [potion of mutation]
  3346 | D:4      | Gained mutation: Your flesh is heat resistant. (rF+) [potion of mutation]
  3394 | D:4      | Reached skill level 5 in Shields
  3394 | D:4      | Reached XP level 7. HP: 14/57 MP: 5/5
  3419 | D:4      | Noticed Menkaure
  3436 | D:4      | Killed Menkaure
  3702 | D:4      | Noticed Sigmund
  3732 | D:4      | Killed Sigmund
  4107 | D:4      | Reached skill level 4 in Armour
  4186 | D:4      | You fall through a shaft!
  4186 | D:5      | Entered Level 5 of the Dungeon
  4233 | D:5      | Reached skill level 5 in Armour
  4233 | D:5      | Reached XP level 8. HP: 59/64 MP: 6/6
  4299 | D:5      | Found a snail-covered altar of Cheibriados.
  4631 | D:5      | Reached skill level 6 in Armour
  4816 | D:5      | Found a sacrificial altar of Ru.
  5279 | D:5      | Reached skill level 7 in Armour
  5802 | D:6      | Reached skill level 8 in Armour
  5981 | D:6      | Noticed Eustachio
  5997 | D:6      | Killed Eustachio
  5997 | D:6      | Reached skill level 9 in Armour
  6175 | D:6      | Found a hide-covered altar of Uskayaw.
  6176 | D:6      | Found a snail-covered altar of Cheibriados.
  6176 | D:6      | Found a shadowy altar of Dithmenos.
  6202 | D:6      | Found a blossoming altar of Fedhas.
  6224 | D:6      | Reached skill level 1 in Dodging
  6275 | D:6      | Found Qapp's Distillery.
  6296 | D:6      | Noticed Pikel
  6297 | D:6      | Noticed DeathGuardSTER's ghost (novice DDCK)
  6330 | D:6      | Killed DeathGuardSTER's ghost
  6330 | D:6      | Reached XP level 9. HP: 48/70 MP: 7/7
  6341 | D:6      | Killed Pikel
  6893 | D:6      | Reached skill level 10 in Armour
  7989 | D:7      | Found a staircase to the Ecumenical Temple.
  7997 | Temple   | Entered the Ecumenical Temple
  8036 | Temple   | Became a worshipper of Warmaster Okawaru
  8209 | D:7      | Slain by an orc warrior

Vault maps used:
D:1:      erik_arrival_cave_to_civilisation
D:2:      nicolae_qazlal_eye_of_the_storm
D:3:      nicolae_overflow_hidden_temple, gup_sewer_entry_spiral, uniq_terence,
          uniq_natasha
D:4:      first_bread, uniq_sigmund, uniq_menkaure
D:5:      nicolae_ru_awakened_eye, cheibriados_altar_1
D:6:      grunt_temple_overflow_cloverleaf, serial_shops, shop, serial_undead,
          serial_undead_c, serial_undead_b, serial_undead_c, serial_undead_e,
          serial_undead_f, serial_undead_d, serial_undead_b, uniq_pikel,
          uniq_eustachio
D:7:      tgw_sif, minmay_temple_entry_glassed_door
Temple:   cyrus_temple_forest_13

Skill      XL: |  1  2  3  4  5  6  7  8  9 |
---------------+----------------------------+-----
Long Blades    | 3 4 5 6 7 8 |  8.0
Shields        | 5 8 |  8.3
Armour         | 5 9 10 | 10.8
Dodging        | 4 7 |  7.6
Fighting       | |  3.6

Action                   |  1- 3 |  4- 6 |  7- 9 || total
-------------------------+-------+-------+-------++-------
Melee: Long sword        |    75 |   140 |   381 ||   596
       Headbutt          |    10 |    24 |    94 ||   128
  Use: Scroll            |     8 |     6 |     1 ||    15
       Potion            |       |     3 |     1 ||     4
 Stab: Invisible         |       |       |     2 ||     2
  Eat: Chunk             |     3 |     4 |    14 ||    21
       Fruit             |       |       |     1 ||     1
Armor: Ring mail         |    21 |    64 |    42 ||   127
       Scale mail        |     1 |       |    72 ||    73
       Plate armour      |       |       |    52 ||    52
Dodge: Dodged            |    28 |    53 |   187 ||   268
Block: Shield            |    29 |   105 |   307 ||   441
